TOP OF THE 1ST |
Durham Bulls batting - Pitching for Tacoma Rainiers : RHP Jose Albarran
|
Pitching: RHP Jose Albarran
|
|
Batting: RHB Sesto Carpini
|
0-0: Foul Ball, location: 2F 0-1: Ball 1-1: Ball 2-1: Foul Ball, location: 2F 2-2: Ground out 3-1 (Groundball, 34, EV 102.5 MPH)
|
Batting: LHB Eric Toney
|
0-0: Called Strike 0-1: Ball 1-1: Foul Ball, location: 2F 1-2: Ball 2-2: Ball 3-2: Strikes out swinging
|
Batting: LHB Davion Lewis
|
0-0: Ball 1-0: Foul Ball, location: 2F 1-1: SOLO HOME RUN (Flyball, 9LD, EV 95.6 MPH), Distance : 344 ft
|
Batting: RHB Jose Arriola
|
0-0: Ball 1-0: Ball 2-0: Ground out 4-3 (Groundball, 34, EV 89.4 MPH)
|
Top of the 1st over - 1 run, 1 hit, 0 errors, 0 left on base; Durham 1 - Tacoma 0 |
BOTTOM OF THE 1ST |
Tacoma Rainiers batting - Pitching for Durham Bulls : RHP Miguel Romero
|
Pitching: RHP Miguel Romero
|
|
Batting: RHB Steve Martin
|
0-0: Ball 1-0: Fly out, F9 (Flyball, 9S, EV 88.8 MPH)
|
Batting: RHB Lamberto Amicis
|
0-0: Foul Ball, location: 2F 0-1: Swinging Strike 0-2: SINGLE (Line Drive, 56D, EV 97.5 MPH)
|
Batting: LHB Ryan Lowe
|
0-0: Called Strike 0-1: Swinging Strike 0-2: Ball 1-2: Ball 2-2: Ball 3-2: Base on Balls Lamberto Amicis to second
|
Batting: LHB Josh Pittman
|
0-0: Foul Ball, location: 2F 0-1: Ball 1-1: SINGLE (Groundball, 6MD, EV 100.6 MPH) Lamberto Amicis to third Ryan Lowe to second Throwing error, E8 Lamberto Amicis scores Ryan Lowe to third Josh Pittman to second
|
Batting: RHB Hideo Okimura
|
0-0: Called Strike 0-1: Foul Ball, location: 2F 0-2: Strikes out swinging
|
Batting: RHB Max Schellekens
|
0-0: Ball 1-0: Ball 2-0: Swinging Strike 2-1: Swinging Strike 2-2: Foul Ball, location: 2F 2-2: Fly out, F9 (Flyball, 89M, EV 90.0 MPH)
|
Bottom of the 1st over - 1 run, 2 hits, 1 error, 2 left on base; Durham 1 - Tacoma 1 |
TOP OF THE 2ND |
Durham Bulls batting - Pitching for Tacoma Rainiers : RHP Jose Albarran
|
Batting: RHB James Huddleston
|
0-0: Called Strike 0-1: Ball 1-1: Foul Ball, location: 2F 1-2: Foul Ball, location: 2F 1-2: Foul Ball, location: 2F 1-2: Foul Ball, location: 2F 1-2: Foul Ball, location: 2F 1-2: Ball 2-2: Ground out 5-3 (Groundball, 56, EV 106.2 MPH)
|
Batting: RHB Kevin Benfield
|
0-0: Ball 1-0: Foul Ball, location: 2F 1-1: Ball 2-1: SINGLE (Flyball, 56D, EV 85.6 MPH)
|
Batting: SHB Julio Hernandez
|
0-0: Foul Ball, location: 2F 0-1: Grounds into double play, 4-6-3 (Groundball, 4, EV 88.8 MPH)
|
Top of the 2nd over - 0 runs, 1 hit, 0 errors, 0 left on base; Durham 1 - Tacoma 1 |
BOTTOM OF THE 2ND |
Tacoma Rainiers batting - Pitching for Durham Bulls : RHP Miguel Romero
|
Batting: RHB Adan Lake
|
0-0: Ball 1-0: Ground out 6-3 (Groundball, 6, EV 104.4 MPH)
|
Batting: RHB Jesus Santiago
|
0-0: Ball 1-0: Called Strike 1-1: Swinging Strike 1-2: Ball 2-2: Ball 3-2: Foul Ball, location: 2F 3-2: Base on Balls
|
Batting: RHB Andy Heimark
|
0-0: SINGLE (Groundball, 6MD, EV 106.9 MPH) Jesus Santiago to second
|
Batting: RHB Steve Martin
|
0-0: Ball 1-0: Foul Ball, location: 2F 1-1: Ball 2-1: Called Strike 2-2: Ball 3-2: Foul Ball, location: 2F 3-2: Fly out, F9 (Flyball, 9D, EV 108.1 MPH) Runner from 2nd tags up, SAFE at 3rd, no throw by RF
|
Batting: RHB Lamberto Amicis
|
0-0: Called Strike 0-1: DOUBLE (Flyball, 78D, EV 103.1 MPH) Jesus Santiago scores Andy Heimark to third
|
Batting: LHB Ryan Lowe
|
0-0: Foul Ball, location: 2F 0-1: Foul Ball, location: 2F 0-2: Strikes out looking
|
Bottom of the 2nd over - 1 run, 2 hits, 0 errors, 2 left on base; Durham 1 - Tacoma 2 |
TOP OF THE 3RD |
Durham Bulls batting - Pitching for Tacoma Rainiers : RHP Jose Albarran
|
Batting: RHB Roberto Aispuro
|
0-0: Ground out 6-3 (Groundball, P, EV 85.6 MPH)
|
Batting: LHB Danny Hull
|
0-0: Ball 1-0: Ball 2-0: Ball 3-0: Called Strike 3-1: Foul Ball, location: 2F 3-2: Foul Ball, location: 2F 3-2: Foul Ball, location: 2F 3-2: Foul Ball, location: 2F 3-2: Foul Ball, location: 2F 3-2: Fly out, F8 (Line Drive, 8RM, EV 101.2 MPH)
|
Batting: RHB Sesto Carpini
|
0-0: Called Strike 0-1: DOUBLE (Groundball, 5L, EV 103.8 MPH)
|
Batting: LHB Eric Toney
|
0-0: Called Strike 0-1: Ground out 3-1 (Groundball, 34S, EV 87.5 MPH)
|
Top of the 3rd over - 0 runs, 1 hit, 0 errors, 1 left on base; Durham 1 - Tacoma 2 |
BOTTOM OF THE 3RD |
Tacoma Rainiers batting - Pitching for Durham Bulls : RHP Miguel Romero
|
Batting: LHB Josh Pittman
|
0-0: Ball 1-0: Ball 2-0: Ball 3-0: Called Strike 3-1: Ground out U3 (Groundball, 3, EV 86.9 MPH)
|
Batting: RHB Hideo Okimura
|
0-0: Called Strike 0-1: Ground out 6-3 (Groundball, 6D, EV 107.5 MPH)
|
Batting: RHB Max Schellekens
|
0-0: Ball 1-0: Foul Ball, location: 2F 1-1: Ground out 2-3 (Groundball, 13S, EV 69.4 MPH)
|
Bottom of the 3rd over - 0 runs, 0 hits, 0 errors, 0 left on base; Durham 1 - Tacoma 2 |
TOP OF THE 4TH |
Durham Bulls batting - Pitching for Tacoma Rainiers : RHP Jose Albarran
|
Batting: LHB Davion Lewis
|
0-0: Called Strike 0-1: Ball 1-1: Ball 2-1: Ball 3-1: Swinging Strike 3-2: Foul Ball, location: 2F 3-2: Base on Balls
|
Batting: RHB Jose Arriola
|
0-0: Swinging Strike 0-1: Grounds into double play, 5-4-3 (Groundball, 56, EV 98.8 MPH)
|
Batting: RHB James Huddleston
|
0-0: Called Strike 0-1: Called Strike 0-2: Strikes out looking
|
Top of the 4th over - 0 runs, 0 hits, 0 errors, 0 left on base; Durham 1 - Tacoma 2 |
BOTTOM OF THE 4TH |
Tacoma Rainiers batting - Pitching for Durham Bulls : RHP Miguel Romero
|
Batting: RHB Adan Lake
|
0-0: Called Strike 0-1: Ground out 6-3 (Groundball, 6D, EV 101.2 MPH)
|
Batting: RHB Jesus Santiago
|
0-0: Called Strike 0-1: Fly out, F7 (Flyball, 78S, EV 90.0 MPH)
|
Batting: RHB Andy Heimark
|
0-0: Called Strike 0-1: Ball 1-1: Foul Ball, location: 2F 1-2: Hit by Pitch
|
Batting: RHB Steve Martin
|
0-0: Called Strike 0-1: Ball 1-1: Swinging Strike 1-2: Strikes out swinging
|
Bottom of the 4th over - 0 runs, 0 hits, 0 errors, 1 left on base; Durham 1 - Tacoma 2 |
TOP OF THE 5TH |
Durham Bulls batting - Pitching for Tacoma Rainiers : RHP Jose Albarran
|
Batting: RHB Kevin Benfield
|
0-0: Called Strike 0-1: Ground out 3-1 (Groundball, 34, EV 84.4 MPH)
|
Batting: SHB Julio Hernandez
|
0-0: Ball 1-0: Swinging Strike 1-1: Ball 2-1: Called Strike 2-2: SINGLE (Groundball, 4MD, EV 100.0 MPH)
|
Batting: RHB Roberto Aispuro
|
0-0: Called Strike 0-1: Ball 1-1: Ball 2-1: Called Strike 2-2: Strikes out swinging
|
Batting: LHB Danny Hull
|
0-0: Ball 1-0: Called Strike 1-1: Ball 2-1: Swinging Strike 2-2: Foul Ball, location: 2F 2-2: Foul Ball, location: 2F 2-2: Fly out, F3 (Line Drive, 3L, EV 63.8 MPH)
|
Top of the 5th over - 0 runs, 1 hit, 0 errors, 1 left on base; Durham 1 - Tacoma 2 |
BOTTOM OF THE 5TH |
Tacoma Rainiers batting - Pitching for Durham Bulls : RHP Miguel Romero
|
Batting: RHB Lamberto Amicis
|
0-0: SINGLE (Line Drive, 8RS, EV 98.8 MPH)
|
Batting: LHB Ryan Lowe
|
0-0: Called Strike 0-1: Ball 1-1: Called Strike 1-2: Ball 2-2: Foul Ball, location: 2F 2-2: Ball 3-2: Foul Ball, location: 2F 3-2: Fly out, F8 (Flyball, 8LD, EV 93.8 MPH)
|
Batting: LHB Josh Pittman
|
0-0: Called Strike 0-1: Foul Ball, location: 2F 0-2: Ball 1-2: Grounds into double play, 6-4-3 (Groundball, 6M, EV 102.5 MPH)
|
Bottom of the 5th over - 0 runs, 1 hit, 0 errors, 0 left on base; Durham 1 - Tacoma 2 |
TOP OF THE 6TH |
Durham Bulls batting - Pitching for Tacoma Rainiers : RHP Jose Albarran
|
Batting: RHB Sesto Carpini
|
0-0: Hit by Pitch
|
Batting: LHB Eric Toney
|
0-0: Foul Ball, location: 2F 0-1: Ball 1-1: Ball 2-1: Ball 3-1: Base on Balls Sesto Carpini to second
|
Batting: LHB Davion Lewis
|
0-0: Ball 1-0: Swinging Strike 1-1: Ball 2-1: Foul Ball, location: 2F 2-2: Fielders Choice at 2nd, 4-6 (Groundball, 4, EV 76.9 MPH) Sesto Carpini to third
|
Batting: RHB Jose Arriola
|
0-0: Ball 1-0: Fielders Choice at 2nd, 4-6 (Groundball, 4, EV 78.1 MPH) Sesto Carpini scores
|
Batting: RHB James Huddleston
|
0-0: Fly out, F9 (Flyball, 9LSF, EV 85.0 MPH)
|
Top of the 6th over - 1 run, 0 hits, 0 errors, 1 left on base; Durham 2 - Tacoma 2 |
BOTTOM OF THE 6TH |
Tacoma Rainiers batting - Pitching for Durham Bulls : RHP Miguel Romero
|
Batting: RHB Hideo Okimura
|
0-0: Ball 1-0: Ball 2-0: SINGLE (Line Drive, 9LS, EV 92.5 MPH)
|
Batting: RHB Max Schellekens
|
0-0: Ball 1-0: Ball 2-0: Ball 3-0: Called Strike 3-1: Called Strike 3-2: Foul Ball, location: 2F 3-2: Base on Balls Hideo Okimura to second
|
Batting: RHB Adan Lake
|
0-0: Called Strike 0-1: Swinging Strike 0-2: Ball 1-2: Foul Ball, location: 2F 1-2: Foul Ball, location: 2F 1-2: Strikes out looking
|
Pitching: RHP Al Speer
|
|
Pinch Hitting: LHB Jawad Fahad
|
0-0: Called Strike 0-1: Ball 1-1: Foul Ball, location: 2F 1-2: Strikes out swinging
|
Batting: RHB Andy Heimark
|
0-0: Called Strike 0-1: Called Strike 0-2: Ball 1-2: Foul Ball, location: 2F 1-2: Strikes out swinging
|
Bottom of the 6th over - 0 runs, 1 hit, 0 errors, 2 left on base; Durham 2 - Tacoma 2 |
TOP OF THE 7TH |
Durham Bulls batting - Pitching for Tacoma Rainiers : RHP Jose Albarran
|
Now at 3B: Jawad Fahad
|
|
Batting: RHB Kevin Benfield
|
0-0: Fly out, F6 (Popup, P, EV 86.9 MPH)
|
Batting: SHB Julio Hernandez
|
0-0: Swinging Strike 0-1: Ball 1-1: Ball 2-1: Foul Ball, location: 2F 2-2: Foul Ball, location: 2F 2-2: Ground out 4-3 (Groundball, 4, EV 85.6 MPH)
|
Batting: RHB Roberto Aispuro
|
0-0: Called Strike 0-1: Called Strike 0-2: SINGLE (Groundball, 56S, EV 61.9 MPH) (infield hit)
|
Pitching: LHP Will Creelman
|
|
Batting: LHB Danny Hull
|
0-0: Foul Ball, location: 2F 0-1: Ball 1-1: Ball 2-1: Foul Ball, location: 2F 2-2: Foul Ball, location: 2F 2-2: Fly out, F6 (Popup, 6M, EV 72.5 MPH)
|
Top of the 7th over - 0 runs, 1 hit, 0 errors, 1 left on base; Durham 2 - Tacoma 2 |
BOTTOM OF THE 7TH |
Tacoma Rainiers batting - Pitching for Durham Bulls : RHP Al Speer
|
Batting: RHB Steve Martin
|
0-0: Called Strike 0-1: Ball 1-1: Swinging Strike 1-2: Foul Ball, location: 2F 1-2: Strikes out looking
|
Batting: RHB Lamberto Amicis
|
0-0: Swinging Strike 0-1: Swinging Strike 0-2: Ball 1-2: Foul Ball, location: 2F 1-2: Ball 2-2: Ball 3-2: Strikes out looking
|
Batting: LHB Ryan Lowe
|
0-0: Called Strike 0-1: Ball 1-1: Called Strike 1-2: Strikes out swinging
|
Bottom of the 7th over - 0 runs, 0 hits, 0 errors, 0 left on base; Durham 2 - Tacoma 2 |
TOP OF THE 8TH |
Durham Bulls batting - Pitching for Tacoma Rainiers : LHP Will Creelman
|
Pitching: RHP David Lane
|
|
Batting: RHB Sesto Carpini
|
0-0: Ball 1-0: Ball 2-0: Called Strike 2-1: Swinging Strike 2-2: Ball 3-2: Base on Balls
|
Batting: LHB Eric Toney
|
0-0: Ball 1-0: Swinging Strike 1-1: Ball 2-1: Fly out, F7 (Flyball, 78M, EV 78.8 MPH)
|
Batting: LHB Davion Lewis
|
0-0: Called Strike 0-1: Ball 1-1: Hit by Pitch Sesto Carpini to second
|
Pinch Hitting: LHB Darryl Gonnella
|
0-0: Ball 1-0: Ball 2-0: Called Strike 2-1: Ball 3-1: Foul Ball, location: 2F 3-2: Base on Balls Sesto Carpini to third Davion Lewis to second
|
Batting: RHB James Huddleston
|
0-0: Ball 1-0: Called Strike 1-1: Swinging Strike 1-2: Ball 2-2: Foul Ball, location: 2F 2-2: SINGLE (Line Drive, 9LS, EV 101.9 MPH) Sesto Carpini scores Davion Lewis to third Darryl Gonnella to second Runner from 3rd tries for Home, SAFE, throw by RF to home
|
Batting: RHB Kevin Benfield
|
0-0: Foul Ball, location: 2F 0-1: Ball 1-1: Foul Ball, location: 2F 1-2: Ball 2-2: Ball 3-2: Strikes out swinging
|
Batting: SHB Julio Hernandez
|
0-0: Called Strike 0-1: Ground out 4-3 (Groundball, 4, EV 76.9 MPH)
|
Top of the 8th over - 2 runs, 1 hit, 0 errors, 2 left on base; Durham 4 - Tacoma 2 |
BOTTOM OF THE 8TH |
Tacoma Rainiers batting - Pitching for Durham Bulls : RHP Al Speer
|
Pitching: LHP Sam Wesman
|
|
Now at 1B: Chris Thorson
|
|
Now in LF: Antonio Pacheco
|
|
Pinch Hitting: RHB Julian Gregory
|
0-0: Ground out 4-3 (Groundball, 4, EV 85.6 MPH)
|
Batting: RHB Hideo Okimura
|
0-0: Ball 1-0: Ball 2-0: Swinging Strike 2-1: Ball 3-1: Called Strike 3-2: Base on Balls
|
Batting: RHB Max Schellekens
|
0-0: Swinging Strike 0-1: Fly out, F4 (Line Drive, 4, EV 64.4 MPH) Lined into DP, 4-3 (Line Drive, 4, EV 71.9 MPH)
|
Bottom of the 8th over - 0 runs, 0 hits, 0 errors, 0 left on base; Durham 4 - Tacoma 2 |
TOP OF THE 9TH |
Durham Bulls batting - Pitching for Tacoma Rainiers : RHP David Lane
|
Pitching: RHP Edwin Carrasco
|
|
Now in LF: Julian Gregory
|
|
Batting: RHB Roberto Aispuro
|
0-0: Swinging Strike 0-1: Fly out, F8 (Flyball, 8LD, EV 110.0 MPH)
|
Batting: LHB Danny Hull
|
0-0: Called Strike 0-1: Foul Ball, location: 2F 0-2: Foul Ball, location: 2F 0-2: Strikes out swinging
|
Batting: RHB Sesto Carpini
|
0-0: Ball 1-0: Foul Ball, location: 2F 1-1: Called Strike 1-2: SINGLE (Groundball, 34D, EV 105.0 MPH)
|
Batting: LHB Eric Toney
|
0-0: Called Strike 0-1: Ball 1-1: Fly out, F7 (Line Drive, 7, EV 91.9 MPH)
|
Top of the 9th over - 0 runs, 1 hit, 0 errors, 1 left on base; Durham 4 - Tacoma 2 |
BOTTOM OF THE 9TH |
Tacoma Rainiers batting - Pitching for Durham Bulls : LHP Sam Wesman
|
Pitching: RHP Cody Wilharm
|
|
Batting: RHB Adan Lake
|
0-0: Ball 1-0: Called Strike 1-1: Foul Ball, location: 2F 1-2: Fly out, F8 (Flyball, 8LM, EV 76.2 MPH)
|
Batting: LHB Jawad Fahad
|
0-0: Called Strike 0-1: Ball 1-1: Foul Ball, location: 2F 1-2: Ground out 4-3 (Groundball, 4, EV 98.8 MPH)
|
Pinch Hitting: SHB Isaiah Cherry
|
0-0: Ground out U3 (Groundball, 34, EV 98.8 MPH)
|
Bottom of the 9th over - 0 runs, 0 hits, 0 errors, 0 left on base; Durham 4 - Tacoma 2 |
|